 Dungeon Crawl Stone Soup version 0.28.0 (webtiles) character file.

Game seed: 18040409626758812383

1990 wakim the Martial Artist (level 9, -5/58 HPs)
             Began as an Octopode Transmuter on Feb 11, 2022.
             Was an Initiate of Gozag.
             Slain by a troll (12 damage)
             ... on level 7 of the Dungeon.
             The game lasted 00:21:52 (7870 turns).

wakim the Martial Artist (Octopode Transmuter)      Turns: 7870, Time: 00:21:52

Health: -5/58      AC:  2    Str: 10    XL:     9   Next: 21%
Magic:  10/12      EV: 20    Int: 19    God:    Gozag
Gold:   335        SH:  0    Dex: 17    Spells: 4/12 levels left

rFire   . . .      SeeInvis .     - Unarmed
rCold   . . .      Faith    .   (shield currently unavailable)
rNeg    . . .      Spirit   .   (helmet currently unavailable)
rPois   x          Reflect  .   T - amulet of the acrobat
rElec   .          Harm     .   J - ring of wizardry
rCorr   .          Rampage  .   (no ring)
Will    .....                   (no ring)
Stlth   +++.......              (no ring)
HPRegen 0.19/turn               (no ring)
MPRegen 0.13/turn               (no ring)
                                (no ring)
                                (no ring)

@: spider-form
A: venomous fangs, almost no armour, (amphibious), 8 rings, tiny, (camouflage
1), (gelatinous body 1), (nimble swimmer 1), (tentacles)
a: End Transformation, Renounce Religion, Potion Petition, Call Merchant, Bribe
Branch


You were on level 7 of the Dungeon.
You worshipped Gozag.
Gozag was aware of your devotion.
You were a venomous arachnid creature.
You visited 2 branches of the dungeon, and saw 9 of its levels.

You collected 445 gold pieces.
You paid 110 gold pieces to Gozag.

Inventory:

Missiles
 e - 5 datura-tipped darts
 s - 214 stones (quivered)
Jewellery
 J - a ring of wizardry (left front leg)
 P - an amulet of guardian spirit
 T - an amulet of the acrobat (around neck)
 Z - a ring of fire
Scrolls
 N - a scroll of amnesia
 U - a scroll of fear
 Y - a scroll of blinking {!r}
Potions
 c - a potion of degeneration {unknown}
 H - 2 potions of haste
 I - 4 potions of curing {unknown}
 K - a potion of flight {unknown}
 L - 2 potions of berserk rage {unknown}
 O - 2 potions of attraction {unknown}
 S - a potion of mutation {unknown}


   Skills:
 * Level 3.7 Fighting
 + Level 3.2 Dodging
 - Level 5.0 Stealth
 + Level 9.0 Unarmed Combat
 - Level 2.0 Spellcasting
 - Level 5.0 Transmutations
 - Level 3.0 Ice Magic


You had 4 spell levels left.
You knew the following spells:

 Your Spells              Type           Power      Damage    Failure   Level
a - Beastly Appendage     Tmut           40%        N/A       3%          1
c - Ice Form              Ice/Tmut       17%        N/A       26%         4
x - Spider Form           Tmut/Pois      11%        N/A       16%         3

Your spell library contained the following spells:

 Spells                   Type           Power      Damage    Failure   Level
 Wereblood                Tmut           20%        N/A       4%          2
 Airstrike                Air            0%         N/A       69%         4
 Summon Lightning Spire   Summ/Air       1%         N/A       69%         4
 Lightning Bolt           Conj/Air       0%         1d11      93%         5


Dungeon Overview and Level Annotations

Branches:
Dungeon (8/15)             Temple (1/1) D:7
   Lair: D:8-11

Altars:
Dithmenos
Elyvilon
Gozag
Hepliaklqana
Nemelex Xobeh
Qazlal
Trog
Uskayaw
Vehumet
Wu Jian
Xom
Yredelemnul
The Shining One

Shops:
D:5 *

Portals:
Abyss: D:3

Annotations:
D:3 2 transporters, Grinder; Skimidon's ghost, amateur VSBr
D:6 Menkaure; Sigmund


Innate Abilities, Weirdness & Mutations

You are a venomous arachnid creature.
You have poisonous fangs.
You are tiny and dextrous.
Your spellcasting is less reliable in this form.
Your armour is entirely melded.
You are incapable of wielding weapons or throwing items.
You cannot wear most types of armour.
((You are amphibious.))
You can wear up to eight rings at the same time.
((Your skin changes colour to match your surroundings (Stealth+).))
((Your rubbery body absorbs attacks. (AC +1, EV +1)))
((You are camouflaged when in or above water. (Stealth+)))
((You have tentacles for arms and can constrict up to eight enemies at once.))


Message History

The tengu conjurer casts a spell at you.
The bolt of lightning misses you. The bullfrog misses you.
You climb upwards.
There is a stone staircase leading down here.
You bite the bullfrog!
The bullfrog is poisoned.
The bullfrog is heavily wounded.
The bullfrog hits you.
You hit the bullfrog.
The bullfrog looks as sick as possible!
The bullfrog is severely wounded.
The bullfrog hits you.
You hit the bullfrog but do no damage.
The bullfrog looks as sick as possible!
The bullfrog is severely wounded.
The bullfrog misses you.
You bite the bullfrog!
You kill the bullfrog!
You now have 335 gold pieces (gained 6).
There is a stone staircase leading down here.
You start resting.
Your transformation has ended.
Magic restored.
Casting: Spider Form (dangerous; 8% risk of failure)
Confirm with . or Enter, or press ? or * to list all spells.
You turn into a venomous arachnid creature.
The troll shouts!
You hit the troll.
The troll is poisoned.
The troll is lightly wounded.
The troll bites you! The troll claws you. The troll barely misses you.
You bite the troll!
The troll looks as sick as possible!
The troll is moderately wounded.
The troll bites you but does no damage. The troll misses you.
The troll completely misses you.
You hit the troll.
The troll looks as sick as possible!
The troll is severely wounded.
The troll bites you!!
* * * LOW HITPOINT WARNING * * *
The troll claws you!
* * * LOW HITPOINT WARNING * * *
The troll claws you!
You die...
Your body crumbles into a pile of gold.

..# #######.#####...### ##.......
.## #..........#..#######..##....
.# #............## #>....##..#.
.# #..........<..####.#.#.##..#.
.# #................#.....#..#..
.# #........>.#.##..#...#.#.#...
.# #..........#.........#.......
.# #..........#T......#.#..##...
#####..........#s........#..#....
................(................
#..#######.#...#.##..#.##.##.....
##..## ##..##..#.....#...........
##..###..........##....#.##..##.
##..#..#...#.##....##.#.....##.
##......)......##......##..##.
#...####....#....>.##....###.
##....##....#.##......#..# #.


You could see a troll (extremely poisoned).

Vanquished Creatures
  Prince Ribbit (D:7)
  3 sky beasts
  An ice beast (D:6)
  A necrophage (D:6)
  An ogre (D:7)
  2 phantoms
  2 centaurs (D:6)
  2 bullfrogs (D:7)
  A water moccasin zombie (D:7)
  3 scorpions
  4 hounds
  3 orc priests (D:8)
  2 centaur skeletons
  A bullfrog skeleton (D:7)
  An iguana (D:4)
  3 orc wizards
  A hound skeleton (D:4)
  3 adders
  4 gnolls (D:7)
  A white imp (D:7)
  8 worms
  A dart slug (D:4)
  19 orcs
  7 ball pythons
  5 endoplasms
  A giant cockroach (D:2)
  5 goblins
  5 hobgoblins
  5 jackals
  7 kobolds
  4 quokkas
  2 bats
  5 frilled lizards
  4 rats
118 creatures vanquished.

Notes
Turn   | Place    | Note
-------+----------+-------------------------------------------
     0 | D:1      | wakim the Octopode Transmuter began the quest for the Orb.
     0 | D:1      | Reached XP level 1. HP: 13/13 MP: 3/3
    88 | D:1      | Reached skill level 1 in Stealth
   301 | D:1      | !bestwep
   391 | D:1      | Reached XP level 2. HP: 16/18 MP: 3/5
   437 | D:1      | Found a faded altar of an unknown god.
   906 | D:2      | Reached XP level 3. HP: 20/23 MP: 4/6
  1661 | D:2      | Reached skill level 4 in Unarmed Combat
  1661 | D:2      | Reached XP level 4. HP: 28/28 MP: 5/7
  1666 | D:2      | Learned a level 4 spell: Ice Form
  1922 | D:3      | Found a transporter.
  1926 | D:3      | Noticed an ancient zyme
  1941 | D:3      | Noticed Grinder
  1998 | D:3      | Noticed a small abomination
  2005 | D:3      | Found a one-way gate to the infinite horrors of the Abyss.
  2005 | D:3      | Noticed Skimidon's ghost (amateur VSBr)
  2149 | D:3      | Noticed a small abomination
  2173 | D:3      | Found a transporter.
  3007 | D:4      | Found a shadowy altar of Dithmenos.
  3022 | D:4      | Reached skill level 1 in Ice Magic
  3022 | D:4      | Reached XP level 5. HP: 32/33 MP: 3/8
  3285 | D:4      | Learned a level 3 spell: Spider Form
  3315 | D:4      | Reached skill level 5 in Stealth
  3837 | D:4      | Reached XP level 6. HP: 37/38 MP: 3/9
  4193 | D:4      | Found a glowing golden altar of the Shining One.
  4194 | D:4      | Found a hazy altar of Hepliaklqana.
  4385 | D:4      | Found a stormy altar of Qazlal.
  4467 | D:4      | Found a radiant altar of Vehumet.
  4583 | D:5      | Entered Level 5 of the Dungeon
  4597 | D:5      | Found a basalt altar of Yredelemnul.
  4691 | D:5      | Noticed a sky beast
  4699 | D:5      | Killed a sky beast
  4700 | D:5      | Reached skill level 5 in Unarmed Combat
  4737 | D:5      | Noticed a two-headed ogre
  4788 | D:5      | Reached XP level 7. HP: 41/43 MP: 6/10
  4827 | D:5      | Found a sparkling altar of Nemelex Xobeh.
  5030 | D:5      | Found a white marble altar of Elyvilon.
  5146 | D:5      | Found Tyoth's General Store.
  5276 | D:6      | Found a hazy altar of Hepliaklqana.
  5281 | D:6      | Reached skill level 6 in Unarmed Combat
  5291 | D:6      | Reached XP level 8. HP: 38/48 MP: 6/11
  5576 | D:6      | Noticed Menkaure
  5652 | D:6      | Reached skill level 7 in Unarmed Combat
  5652 | D:6      | Reached skill level 5 in Transmutations
  5925 | D:6      | Noticed Sigmund
  6401 | D:7      | Reached skill level 8 in Unarmed Combat
  6449 | D:7      | Found a staircase to the Ecumenical Temple.
  6467 | Temple   | Entered the Ecumenical Temple
  6513 | Temple   | Became a worshipper of Gozag Ym Sagoz the Greedy
  6658 | D:7      | Noticed Prince Ribbit
  6694 | D:7      | Killed Prince Ribbit
  6769 | D:7      | Noticed a troll
  6782 | D:7      | Reached XP level 9. HP: 35/55 MP: 9/12
  7009 | D:7      | Reached skill level 9 in Unarmed Combat
  7327 | D:7      | Found a bloodstained altar of Trog.
  7828 | D:8      | Noticed a tengu conjurer
  7870 | D:7      | Slain by a troll

Illustrated notes

####### .......
.......
#############.......
.......@....#.....S.
#############.........
#(..#...#...#.#.......
#...'...'.⌠.'.#.......
#...#...#...###....###
######'###'## ....#
#...#...#.†.# ....#
#...'...#.⌠.# .....
#...#...#...# ......


Turn 301 on D:1: !bestwep

Levels and vault maps discovered:
D:1:      co_arrival_random_square_maze, layout_basic,
          hellmonk_ecumenical_altar_leap_of_faith
D:2:      layout_loops_cross
D:3:      layout_loops_ring, gammafunk_ghost_abyssal_escape, uniq_grinder
D:4:      layout_rooms, nicolae_dithmenos_through_a_glass_darkly,
          nicolae_overflow_squiral, mainiacjoe_overflow_two_lobes
D:5:      layout_cave_pools, overflow_temple_1_default, general_overflow_altar,
          mainiacjoe_overflow_24_doors, serial_shops, nicolae_shop_behind_doors,
          uniq_eustachio
D:6:      layout_loops_ring, kennysheep_flooded_box, uniq_sigmund, uniq_menkaure
D:7:      layout_rooms, mainiacjoe_overflow_brackets, minmay_temple_entry_ruins,
          minmay_misc_feat_square, uniq_crazy_yiuf_cottage, uniq_prince_ribbit1
D:8:      layout_basic, serial_shops, nicolae_shop_waterfront
Temple:   nicolae_temple_hex_pool

Skill      XL: |  1  2  3  4  5  6  7  8  9 |
---------------+----------------------------+-----
Stealth        | 1 2 3 4 5 |  5.0
Unarmed Combat | 4 5 6 8 9 |  9.0
Ice Magic      | 1 2 3 |  3.0
Transmutations | 3 4 5 |  5.0
Fighting       | 2 3 |  3.7
Dodging        | 3 |  3.2
Spellcasting   | |  2.0

Action                   |  1- 3 |  4- 6 |  7- 9 || total
-------------------------+-------+-------+-------++-------
Melee: Unarmed           |    74 |   109 |   124 ||   307
       Constrict         |    20 |    12 |       ||    32
       Kick              |    18 |    17 |       ||    35
       Tentacles         |    17 |    10 |     1 ||    28
       Punch             |     1 |     1 |     1 ||     3
Throw: Stone             |       |     3 |       ||     3
 Cast: Beastly Appendage |    17 |    19 |       ||    36
       Ice Form          |       |     7 |    15 ||    22
       Spider Form       |       |     4 |     8 ||    12
  Use: Scroll            |       |     4 |     5 ||     9
 Stab: Sleeping          |    12 |     7 |     4 ||    23
Armor: Skin              |     5 |    16 |    33 ||    54
Dodge: Dodged            |    34 |    47 |    71 ||   152
